Map: Tropical Sacrifice

Players

Demonologist

  • Race: Terran Terran
  • Spawn Location: 1:00

axel

  • Race: Protoss Protoss
  • League: Silver
  • Spawn Location: 7:00

VOD

Have the link to the VOD?

Description

Time

  • Played on: Jan. 22, 2023, 3:45 a.m.
  • Length: 13:53
Show
View Real Time Build Order
Export as new Build Order

Demonologist Terran 

Build Orders:  

Get SALT Encoding   

  12  0:07  SCV  
  13  0:19  SCV  
  14  0:30  Supply Depot  
  14  0:34  Refinery  
  14  0:35  SCV  
  15  0:51  Engineering Bay, SCV  
  16  1:00  Barracks  
  16  1:22  Refinery  
  16  1:53  Supply Depot  
  16  1:56  Marine  
  17  2:14  Marine  
  18  2:16  Factory  
  18  2:23  Orbital Command  
  18  2:32  Marine  
  19  2:49  Marine  
  20  3:07  Marine  
  21  3:13  Starport  
  21  3:24  SCV  
  21  3:25  Marine  
  23  3:36  SCV  
  24  3:43  Marine  
  26  3:48  SCV  
  26  4:00  SCV  
  26  4:01  Marine  
  28  4:07  Starport Tech Lab  
  28  4:12  SCV  
  29  4:18  Marine  
  30  4:36  Marine  
    9:07  Starport Tech Lab  
Show
View Real Time Build Order
Export as new Build Order

axel Protoss 

Build Orders:  

Get SALT Encoding   

  12  0:26  Probe  
  12  0:28  Pylon  
  13  0:36  Pylon  
  13  0:38  Probe  
  14  0:50  Probe  
  14  0:55  Gateway  
  15  1:02  Probe  
  16  1:08  Assimilator  
  16  1:16  Probe  
  17  1:24  Pylon  
  17  1:28  Probe  
  17  1:30  Pylon  
  18  1:40  Probe  
  18  1:46  Cybernetics Core  
  19  1:52  Assimilator  
  19  1:54  Probe  
  20  2:01  Zealot  
  20  2:06  Probe  
  23  2:18  Probe  
  24  2:28  Zealot  
  26  2:38  Robotics Facility  
  26  2:53  Robotics Facility  
  26  2:56  Zealot  
  28  3:23  Zealot  
  30  3:27  Immortal (Chrono Boost)  
  34  3:35  Pylon  
  34  3:40  Immortal (Chrono Boost)  
  38  3:50  Stalker  
  40  4:06  Immortal  
  44  4:20  Stalker  
  46  4:28  Immortal  
  42  5:03  Stalker  
  42  5:06  Immortal  
  35  5:41  Stalker  
Tags
 
Add a new tag
Caveats
  • Supply blocks, unpowered buildings, or Contaminate may cause inaccurate times.
  • Supply counts are checked every 10 seconds.